 Dungeon Crawl Stone Soup version 0.17-a0-896-g249456b (webtiles) character file.

6869 oplop the Frost Mage (level 11, 0/78 HPs)
             Began as an Octopode Ice Elementalist on May 2, 2015.
             Was an Elder of Vehumet.
             Killed from afar by a wolf (34 damage)
             ... with an exploding inner flame
             ... led by Grum
             ... hexed by the player character
             ... on level 10 of the Dungeon.
             The game lasted 00:36:08 (13673 turns).

oplop the Frost Mage (Octopode Ice Elementalist)   Turns: 13673, Time: 00:36:09

Health: 0/78       AC:  1    Str:  9    XL:     11   Next: 6%
Magic:  4/24       EV: 20    Int: 21    God:    Vehumet [****..]
Gold:   260        SH:  0    Dex: 18    Spells: 6 memorised, 10 levels left

rFire  . . .     SeeInvis .     a - +8 rapier "Ogrebane" {venom, Str+2}
rCold  . . .     Clarity  .     (no shield)
rNeg   . . .     SustAb   .     (helmet restricted)
rPois  .         Gourm    .     J - amulet of resist mutation
rElec  .         Spirit   .     (no ring)
rCorr  .         Warding  .     (no ring)
rMut   +         Stasis   .     (no ring)
MR     .....                    (no ring)
Stlth  ++++......               (no ring)
                                (no ring)
                                (no ring)
                                (no ring)

@: agile, lethally poisoned (0 -> -5), silence, very slightly contaminated, not
resistant to hostile enchantments, stealthy
A: almost no armour, amphibious, 8 rings, constrict 8, camouflage 1, gelatinous
body 1
a: Renounce Religion


You were on level 10 of the Dungeon.
You worshipped Vehumet.
Vehumet was greatly pleased with you.
You were very hungry.

You visited 2 branches of the dungeon, and saw 11 of its levels.

You collected 395 gold pieces.
You spent 135 gold pieces at shops.

Inventory:

Hand weapons
 a - the +8 rapier "Ogrebane" (weapon) {venom, Str+2}
   (You found it on level 9 of the Dungeon)

   It poisons the flesh of those it strikes.
   It affects your strength (+2).
 c - a +0 blowgun
 j - a +0 whip of freezing
 K - a +1 rapier of venom
Missiles
 o - 42 poisoned needles
 s - 7 needles of confusion
Armour
 d - the cursed -3 shield of Context {Stlth+, unknown}
   (You found it on level 7 of the Dungeon)

   It makes you more stealthy.
   It has a curse placed upon it.
Jewellery
 J - an amulet of resist mutation (around mantle)
Magical devices
 e - a wand of paralysis (10)
 f - a wand of polymorph (11)
 h - a wand of digging (11)
 l - a wand of polymorph (3)
 y - a wand of flame (0)
 C - a wand of magic darts (24)
 D - a wand of cold (0)
 F - a wand of random effects (28)
Scrolls
 k - 3 scrolls of remove curse
 m - 3 scrolls of identify
 n - a scroll of amnesia
 p - a scroll of enchant weapon
 x - 3 scrolls of recharging
 A - 2 scrolls of enchant armour
Potions
 q - a potion of lignification
 r - a potion of flight
 t - 2 potions of haste
 u - 3 potions of brilliance
 v - 3 potions of curing
 z - 2 potions of poison
Books
 w - a book of Frost

   Spells                             Type                      Level
   a - Freeze                         Ice                          1
   b - Throw Frost                    Conjuration/Ice              2
   c - Ozocubu's Armour               Charms/Ice                   3
   d - Throw Icicle                   Conjuration/Ice              4
   e - Summon Ice Beast               Ice/Summoning                4
   f - Condensation Shield            Ice                          4
Comestibles
 b - 8 bread rations
 H - 5 beef jerkies


   Skills:
 - Level 8.4 Fighting
 + Level 4.1 Dodging
 - Level 2.6 Stealth
 + Level 9.0 Spellcasting
 + Level 4.0 Conjurations
 + Level 9.7 Ice Magic


You had 10 spell levels left.
You knew the following spells:

 Your Spells              Type           Power        Failure   Level  Hunger
a - Freeze                Ice            ####         1%          1    None
b - Ozocubu's Armour      Chrm/Ice       ####....     2%          3    None
c - Throw Frost           Conj/Ice       #####.       1%          2    None
d - Condensation Shield   Ice            ######....   1%          4    ###....
e - Summon Ice Beast      Ice/Summ       ####....     12%         4    ###....
f - Throw Icicle          Conj/Ice       #####...     1%          4    ###....


Dungeon Overview and Level Annotations

Branches:
Dungeon (10/15)            Temple (1/1) D:5            Lair (0/8) D:9
    Orc (0/4) D:9

Altars:
Ashenzari
Cheibriados
Dithmenos
Elyvilon
Fedhas
Gozag
Kikubaaqudgha
Makhleb
Nemelex Xobeh
Okawaru
Qazlal
Ru
Sif Muna
Trog
Vehumet
Xom
Yredelemnul
Zin
The Shining One

Shops:
D:6 !*[:(   D:7 (

Annotations:
D:4 exclusions: 2 orcs and orc wizard
D:8 exclusion: killer bee
D:9 1 exclusion
D:10 Grum, Joseph, Nergalle


Innate Abilities, Weirdness & Mutations

You cannot wear most types of armour.
You are amphibious.
You can wear up to eight rings at the same time.
You can use your tentacles to constrict eight enemies at once.
Your skin changes colour to match your surroundings (Stealth).
Your rubbery body absorbs attacks (AC +1).


Message History

You closely miss the adder. Your grab misses the adder.
The wolf bites your ice beast!
Your ice beast dies!
The adder bites you.
You are poisoned.
The adder poisons you! The adder barely misses you.
You hit the adder. Your grab misses the adder.
The adder is heavily wounded.
You feel sick. The wolf completely misses you. The adder bites you.
You are more poisoned.
The adder poisons you! The wolf completely misses you.
Your ice beast hits the quokka.
Your ice beast freezes the quokka!
The quokka explodes!
The fiery explosion engulfs your ice beast.
Your ice beast melts!
You kill your ice beast!
The fiery explosion engulfs the wolf.
The wolf explodes!
The fiery explosion engulfs you!
You die...

#..b# #
#...#
##.Y# #..#
###.#
##§§.#
##.§§##
#..§§§####
#...§§@S.#
#.....##.#
##...## #
##.## ...
.... ##o


You could see an adder.

Vanquished Creatures
  The ghost of laxity the Arsonist, an experienced DEFE of Vehumet (D:8)
  Grinder (D:5)
  A two-headed ogre (D:9)
  Prince Ribbit (D:5)
  Sigmund (D:5)
  A wyvern (D:8)
  A hungry ghost (D:7)
  3 yaks (D:9)
  2 wolves (D:10)
  Eustachio (D:5)
  2 sky beasts
  2 ice beasts
  3 phantoms
  An orc warrior (D:9)
  2 centaurs
  5 ogres
  A gnoll sergeant (D:7)
  Blork the orc (D:6)
  3 giant frogs
  A big kobold (D:7)
  A jelly (D:9)
  5 scorpions
  2 killer bees (D:8)
  5 wights
  2 centaur zombies
  4 orc priests
  A giant frog zombie (D:6)
  2 crimson imps
  6 orc wizards
  2 giant frog skeletons
  2 quasits
  4 hounds
  6 worker ants
  2 iguanas (D:7)
  5 adders
  5 gnolls (D:7)
  A shadow imp (D:7)
  An ufetubus (D:5)
  2 worms (D:2)
  An adder skeleton (D:4)
  An adder zombie (D:8)
  4 giant geckos
  18 orcs
  A ball python (D:3)
  13 bats
  A bat skeleton (D:5)
  9 giant cockroaches
  13 hobgoblins
  10 jackals
  28 kobolds
  A giant cockroach zombie (D:5)
  6 giant newts
  10 goblins
  A jackal zombie (D:5)
  2 quokkas
  A quokka skeleton (D:5)
  A quokka zombie (D:7)
  16 rats
229 creatures vanquished.

Vanquished Creatures (collateral kills)
  Pikel (D:5)
  The ghost of Vidiiot the Covert, an experienced SpBe of Trog (D:9)
  A yak (D:9)
  An orc warrior (D:9)
  A swamp drake (D:9)
  A phantom (D:8)
  A centaur (D:9)
  3 jellies (D:9)
  2 wights (D:9)
  An orc wizard (D:9)
  A hound (D:9)
  2 orc priests (D:9)
  6 orcs (D:9)
  A rat (D:9)
23 creatures vanquished.

Vanquished Creatures (others)
  10 ice beasts
  A slave (D:5)
  A crimson imp (D:5)
  A butterfly (D:10)
13 creatures vanquished.

Grand Total: 265 creatures vanquished

Notes
Turn   | Place    | Note
--------------------------------------------------------------
     0 | D:1      | oplop, the Octopode Ice Elementalist, began the quest for the Orb.
     0 | D:1      | Reached XP level 1. HP: 11/11 MP: 3/3
   177 | D:1      | Reached skill level 1 in Fighting
   177 | D:1      | Reached XP level 2. HP: 12/18 MP: 1/5
   578 | D:1      | Reached XP level 3. HP: 12/23 MP: 6/6
   895 | D:2      | Learned a level 3 spell: Ozocubu's Armour
  1638 | D:2      | Reached XP level 4. HP: 28/28 MP: 8/8
  2145 | D:3      | Learned a level 2 spell: Throw Frost
  2936 | D:4      | Noticed an ogre
  2960 | D:4      | Killed an ogre
  2960 | D:4      | Reached skill level 4 in Ice Magic
  2960 | D:4      | Reached XP level 5. HP: 33/35 MP: 8/10
  3389 | D:4      | Reached XP level 6. HP: 40/42 MP: 11/11
  4125 | D:4      | Learned a level 4 spell: Condensation Shield
  4156 | D:5      | Entered Level 5 of the Dungeon
  4183 | D:5      | Noticed Eustachio
  4251 | D:5      | Found a staircase to the Ecumenical Temple.
  4262 | Temple   | Entered the Ecumenical Temple
  4507 | Temple   | Became a worshipper of Vehumet
  5021 | D:5      | Killed Eustachio
  5021 | D:5      | Reached skill level 5 in Ice Magic
  5021 | D:5      | Reached XP level 7. HP: 26/48 MP: 7/13
  5657 | D:5      | Noticed Grinder
  5668 | D:5      | Killed Grinder
  5796 | D:5      | Reached skill level 5 in Spellcasting
  5796 | D:5      | Reached XP level 8. HP: 7/54 MP: 15/15
  6183 | D:5      | Noticed Sigmund
  6254 | D:6      | Reached skill level 5 in Fighting
  6254 | D:6      | Reached skill level 6 in Ice Magic
  6451 | D:6      | Found Xeed's Book Shoppe.
  6451 | D:6      | Found Pekh's Armour Boutique.
  6519 | D:6      | Acquired Vehumet's first power
  6519 | D:6      | Offered knowledge of Sandblast by Vehumet.
  6602 | D:6      | Found Giret's Distillery.
  6612 | D:6      | Bought a potion of curing for 45 gold pieces
  6612 | D:6      | Bought a potion of curing for 45 gold pieces
  6612 | D:6      | Bought a potion of curing for 45 gold pieces
  6679 | D:6      | Got a warped gold dragon armour
  6934 | D:6      | Noticed Blork the orc
  6946 | D:6      | Killed Blork the orc
  7211 | D:6      | Found Resuem's Weapon Shop.
  7227 | D:6      | Found Biggenis's Assorted Antiques.
  7369 | D:7      | Learned a level 4 spell: Summon Ice Beast
  7435 | D:7      | Offered knowledge of Sting by Vehumet.
  7435 | D:7      | Reached skill level 7 in Ice Magic
  7479 | D:7      | Reached XP level 9. HP: 59/62 MP: 16/18
  7801 | D:7      | Learned a level 4 spell: Throw Icicle
  7867 | D:7      | Found Javvaq's Antique Weapon Shoppe.
  8416 | D:7      | Identified the +1 gold dragon armour of Mucwext {rPois rF+ rC+ Dex+3 SInv} (You found it on level 6 of the Dungeon)
  8422 | D:7      | Got a dazzling shield
  9098 | D:5      | Killed Sigmund
  9098 | D:5      | Reached skill level 8 in Ice Magic
  9463 | D:5      | Noticed Pikel
  9467 | D:5      | Noticed Prince Ribbit
  9499 | D:5      | Killed Pikel
  9598 | D:5      | Killed Prince Ribbit
 10072 | D:5      | Found a snail-covered altar of Cheibriados.
 10083 | D:5      | Found a white marble altar of Elyvilon.
 10083 | D:5      | Found a glowing golden altar of the Shining One.
 10092 | D:5      | Found a shadowy altar of Dithmenos.
 10092 | D:5      | Found a glowing silver altar of Zin.
 10253 | D:8      | Reached XP level 10. HP: 72/72 MP: 21/21
 10325 | D:8      | Offered knowledge of Conjure Flame by Vehumet.
 10383 | D:8      | Noticed laxity's ghost (experienced DEFE)
 11307 | D:8      | Killed laxity's ghost
 11451 | D:9      | Reached skill level 9 in Ice Magic
 11671 | D:9      | Noticed Vidiiot's ghost (experienced SpBe)
 11681 | D:9      | Killed Vidiiot's ghost
 11709 | D:9      | Acquired Vehumet's second power
 11926 | D:9      | Got a brightly glowing rapier
 11927 | D:9      | Identified the +8 rapier "Ogrebane" {venom, Str+2} (You found it on level 9 of the Dungeon)
 11994 | D:9      | Found a staircase to the Lair.
 12607 | D:9      | Found a staircase to the Orcish Mines.
 12653 | D:9      | Offered knowledge of Airstrike by Vehumet.
 13530 | D:10     | Entered Level 10 of the Dungeon
 13530 | D:10     | Found a shattered altar of Ashenzari.
 13553 | D:10     | Acquired Vehumet's third power
 13555 | D:10     | Found an iron altar of Okawaru.
 13562 | D:10     | Noticed Joseph
 13595 | D:10     | Reached XP level 11. HP: 63/78 MP: 23/23
 13607 | D:10     | Noticed Grum
 13649 | D:10     | Noticed Nergalle
 13673 | D:10     | Killed from afar by a wolf

Action                   |  1- 3 |  4- 6 |  7- 9 | 10-12 || total
-------------------------+-------+-------+-------+-------++-------
Melee: Unarmed           |    20 |       |     4 |       ||    24
       Dagger            |    87 |    71 |       |       ||   158
       Rapier            |       |       |   246 |   105 ||   351
       Whip              |       |       |    14 |    38 ||    52
 Fire: Blowgun           |       |    60 |    60 |    30 ||   150
 Cast: Freeze            |    16 |    18 |    26 |     6 ||    66
       Throw Frost       |       |     2 |    19 |     1 ||    22
       Ozocubu's Armour  |       |     2 |    20 |     7 ||    29
       Condensation Shie |       |       |    20 |     7 ||    27
       Throw Icicle      |       |       |     8 |    31 ||    39
       Summon Ice Beast  |       |       |     5 |    28 ||    33
Evoke: Wand              |       |       |     7 |     3 ||    10
  Use: Potion            |       |     6 |     4 |     6 ||    16
       Scroll            |       |     4 |     9 |     6 ||    19
 Stab: Sleeping          |     9 |     9 |    17 |     9 ||    44
       Distracted        |       |       |       |     1 ||     1
  Eat: Chunk             |     2 |     3 |     4 |     1 ||    10
       Royal jelly       |       |     2 |       |       ||     2
       Fruit             |       |     3 |       |       ||     3
       Pizza             |       |     1 |     4 |       ||     5
       Meat ration       |       |       |     2 |     1 ||     3
       Bread ration      |       |       |     1 |     1 ||     2
       Beef jerky        |       |       |       |     2 ||     2
